 Dungeon Crawl Stone Soup version 0.25-a0-890-g62861fb195 (webtiles) character file.

Game seed: 6107475948306558546, levelgen mode: deterministic

925 unvid the Ruffian (level 8, -1/64 HPs)
             Began as a Naga Transmuter on May 2, 2020.
             Slain by an orc warrior
             ... wielding a +0 glaive
              (13 damage)
             ... on level 6 of the Dungeon.
             The game lasted 00:08:33 (6287 turns).

unvid the Ruffian (Naga Transmuter)                 Turns: 6287, Time: 00:08:34

Health: -1/64      AC:  5    Str: 15    XL:     8   Next: 10%
Magic:  10/11      EV: 10    Int: 13    God:
Gold:   245        SH:  0    Dex: 12    Spells: 5/11 levels left

rFire    . . .     SeeInvis +     - Unarmed
rCold    . . .     Gourm    .   (no shield)
rNeg     . . .     Faith    .   b - +0 robe
rPois    +         Spirit   .   (no helmet)
rElec    .         Reflect  .   (no cloak)
rCorr    .         Harm     .   (no gloves)
MR       +....                  (no barding)
Stlth    +++.......             (no amulet)
HPRegen  0.20/turn              (no ring)
MPRegen  0.12/turn              (no ring)

@: short of breath, very slow
A: large, molten scales 1, see invisible, deformed body, poison resistance,
slowness 2, slow metabolism 1, spit poison 1, AC +2
a: Spit Poison


You were on level 6 of the Dungeon.
You were hungry.

You visited 1 branch of the dungeon, and saw 6 of its levels.

You collected 245 gold pieces.

Inventory:

Missiles
 a - 24 arrows
Armour
 b - a +0 robe (worn)
Scrolls
 c - 3 scrolls of remove curse {unknown}
 g - a scroll of enchant armour {unknown}
 h - a scroll of identify {unknown}
 i - a scroll of immolation {unknown}
 j - 2 scrolls of teleportation {unknown}
 m - 2 scrolls of fear {unknown}
Potions
 e - a potion of haste
 f - 2 potions of brilliance
 k - a potion of curing
 l - a potion of mutation
 n - a potion of ambrosia {unknown}
 o - a potion of heal wounds {unknown}
Comestibles
 d - 4 rations


   Skills:
 - Level 1.0 Fighting
 - Level 1.5 Dodging
 + Level 6.0 Stealth
 * Level 6.4 Unarmed Combat
 - Level 2.0 Spellcasting
 - Level 5.0 Transmutations
 - Level 4.0 Poison Magic


You had 5 spell levels left.
You knew the following spells:

 Your Spells              Type           Power        Failure   Level  Hunger
a - Beastly Appendage     Tmut           ##....       3%          1    ##.....
b - Sticks to Snakes      Tmut           ##......     4%          2    ###....
c - Spider Form           Tmut/Pois      ##........   12%         3    ####...

Your spell library contained the following spells:

 Spells                   Type           Power        Failure   Level  Hunger
 Foxfire                  Conj/Fire      #...         26%         1    ##.....
 Conjure Flame            Conj/Fire      #.......     58%         3    ####...
 Inner Flame              Hex/Fire       #.......     58%         3    ####...
 Ice Form                 Ice/Tmut       #.......     65%         4    #####..
 Blade Hands              Tmut           ##........   65%         5    ######.
 Sticky Flame             Conj/Fire      #.......     94%         4    #####..
 Fireball                 Conj/Fire      #.........   100%        5    ######.


Dungeon Overview and Level Annotations

Branches:
Dungeon (6/15)
 Temple: D:4-7

Altars:
Fedhas
Nemelex Xobeh
Sif Muna
Uskayaw

Annotations:
D:4 exclusion: phantom
D:5 1 runed translucent door, Prakerore's ghost, amateur MfSk


Innate Abilities, Weirdness & Mutations

You cannot wear boots.
Your serpentine skin is tough. (AC +2)
You have supernaturally acute eyesight. (SInv)
Armour fits poorly on your strangely shaped body.
Your system is resistant to poisons. (rPois)
You cover ground very slowly.
You have a slow metabolism.
You can spit poison.
You are partially covered in molten scales. (AC +2)


Message History

* * * LOW HITPOINT WARNING * * *
You hit the orc warrior but do no damage.
The orc warrior looks as sick as possible!
The orc warrior is lightly wounded.
Press: ? - help, Shift-Dir - straight line, f/p - orc warrior
Aim: an orc warrior, wielding a +0 glaive and wearing a +0 plate armour (moderately wounded, extremely poisoned)
The splash of poison misses the orc warrior.
The splash of poison hits the orc.
The orc is poisoned.
The orc is heavily wounded.
You feel slightly more hungry. The orc warrior barely misses you.
It was a potion of mutation.
You feel extremely strange.
You feel clever.
You feel stupid.
Molten scales grow over part of your body.
The orc warrior misses you.
You barely miss the orc warrior.
The orc warrior is heavily wounded.
Your transformation has ended.
Your +0 robe unmelds from your body.
The orc warrior hits you with a +0 glaive!
You die...

### #.. #.# ### #.# ..#
#.# #.# ########.# #o#
.....<[..# #o#
#######.)# #o#
#######..# ##@##
#........######...#
#.........#...!.#.....#
..#####.#.#.###...#####
#.## #.....# ##.##
...####.#.### .#
..........### .#
...##......... .#
............... .#


You could see an orc warrior and 2 orcs.

Vanquished Creatures
  An orc warrior (D:5)
  2 ogres
  A phantom (D:5)
  A bullfrog (D:5)
  A gnoll shaman (D:4)
  A hound (D:4)
  An orc priest (D:6)
  4 orc wizards
  2 centaur skeletons (D:4)
  Jessica (D:2)
  An iguana (D:4)
  Terence (D:2)
  A worker ant (D:6)
  4 adders
  3 gnolls (D:4)
  A shadow imp (D:5)
  A worm (D:3)
  3 dart slugs
  7 leopard geckos
  5 orcs
  5 giant cockroaches
  5 goblins
  5 hobgoblins
  4 jackals (D:2)
  3 kobolds
  2 quokkas (D:2)
  A ball python (D:1)
  6 bats
  5 frilled lizards
  2 quokka skeletons (D:4)
  10 rats
90 creatures vanquished.

Vanquished Creatures (collateral kills)
  2 orcs (D:3)
  A bat (D:1)
  2 rats
5 creatures vanquished.

Grand Total: 95 creatures vanquished

Notes
Turn   | Place    | Note
-------+----------+-------------------------------------------
     0 | D:1      | unvid the Naga Transmuter began the quest for the Orb.
     0 | D:1      | Reached XP level 1. HP: 18/18 MP: 3/3
   204 | D:1      | Reached skill level 1 in Stealth
   240 | D:1      | Reached XP level 2. HP: 25/25 MP: 5/5
   286 | D:1      | Learned a level 2 spell: Sticks to Snakes
  1003 | D:1      | Reached XP level 3. HP: 31/31 MP: 6/6
  1485 | D:1      | Learned a level 3 spell: Spider Form
  1507 | D:2      | Found a sparkling altar of Nemelex Xobeh.
  1960 | D:2      | Noticed Terence
  1983 | D:2      | Killed Terence
  1983 | D:2      | Reached XP level 4. HP: 8/38 MP: 2/7
  2340 | D:2      | Noticed Jessica
  2347 | D:2      | Killed Jessica
  2541 | D:2      | Reached XP level 5. HP: 39/44 MP: 8/8
  2850 | D:3      | Found a blossoming altar of Fedhas.
  3382 | D:3      | Noticed a +0 hand axe
  3383 | D:3      | Found a hide-covered altar of Uskayaw.
  3383 | D:3      | Noticed a +0 hand axe
  3592 | D:4      | Noticed a phantom
  3975 | D:4      | Reached skill level 5 in Transmutations
  4065 | D:4      | Reached XP level 6. HP: 25/51 MP: 5/9
  4072 | D:4      | Reached skill level 1 in Poison Magic
  4408 | D:4      | Noticed a phantom
  4962 | D:4      | Reached XP level 7. HP: 49/57 MP: 10/10
  5059 | D:4      | Found a shimmering blue altar of Sif Muna.
  5196 | D:5      | Entered Level 5 of the Dungeon
  5433 | D:5      | Reached skill level 5 in Unarmed Combat
  5481 | D:5      | Found a runed translucent door.
  5481 | D:5      | Noticed Prakerore's ghost (amateur MfSk)
  5814 | D:6      | Reached skill level 5 in Stealth
  5992 | D:6      | Reached XP level 8. HP: 57/64 MP: 5/11
  6286 | D:6      | Gained mutation: Your mind is acute. (Int +2) [potion of
                  | mutation]
  6286 | D:6      | Lost mutation: Your mind is acute. (Int +2) [potion of
                  | mutation]
  6286 | D:6      | Gained mutation: You are partially covered in molten
                  | scales. (AC +2) [potion of mutation]
  6287 | D:6      | Slain by an orc warrior

Levels and vault maps discovered:
D:1:      arrival_zaba_pyramid, layout_rooms, minmay_tetromino_i4
D:2:      layout_loops_cross, overflow_temple_1_default,
          nicolae_underground_beach, uniq_jessica, uniq_terence
D:3:      layout_rooms, dancing_weapons_uskayaw, fedhas_altar_4
D:4:      layout_gridville, st_stairs_1, grunt_decor_mini_mirrors,
          minmay_misc_feat_roman, led_sif_pool
D:5:      layout_rooms, first_ration, hellmonk_ghost_happy_afterlife
D:6:      layout_loops_ring, nicolae_dithmenos_the_darkroom

Skill      XL: |  1  2  3  4  5  6  7  8 |
---------------+-------------------------+-----
Stealth        | 1 2 3 4 5 6 |  6.0
Transmutations | 3 4 5 |  5.0
Poison Magic   | 2 4 |  4.0
Unarmed Combat | 4 6 |  6.4
Fighting       | |  1.0
Dodging        | |  1.5
Spellcasting   | |  2.0

Action                   |  1- 3 |  4- 6 |  7- 9 || total
-------------------------+-------+-------+-------++-------
Melee: Unarmed           |    97 |   139 |   100 ||   336
       Headbutt          |     1 |       |     2 ||     3
       Punch             |       |     2 |     1 ||     3
 Cast: Sticks to Snakes  |     2 |     2 |       ||     4
       Spider Form       |     1 |     6 |     8 ||    15
       Beastly Appendage |     1 |     1 |     2 ||     4
 Abil: Spit Poison       |    32 |    21 |     6 ||    59
  Use: Potion            |       |     3 |     1 ||     4
 Stab: Sleeping          |     2 |     1 |     2 ||     5
  Eat: Chunk             |     4 |     7 |     4 ||    15
       Ration            |       |     1 |       ||     1
Armor: Robe              |    34 |    17 |     7 ||    58
       Skin              |       |     1 |       ||     1
Dodge: Dodged            |    66 |    79 |    47 ||   192

Table legend:
 A = Non-vault XP
 B = Vault XP
 C = Vault XP percentage of total XP
 D = Non-vault monster count
 E = Vault monster count
 F = Vault count percentage of total count
                 A         B        C        D         E       F
            +---------+---------+-------+---------+---------+-------
      Total |    1199 |     123 |   9.3 |      87 |       8 |   8.4
            +---------+---------+-------+---------+---------+-------
        D:1 |      40 |       6 |  13.0 |      25 |       4 |  13.8
        D:2 |      47 |      73 |  60.8 |      19 |       2 |   9.5
        D:3 |      74 |       0 |   0.0 |      11 |       0 |   0.0
        D:4 |     339 |      44 |  11.5 |      15 |       2 |  11.8
        D:5 |     495 |       0 |   0.0 |       8 |       0 |   0.0
        D:6 |     204 |       0 |   0.0 |       9 |       0 |   0.0
            +---------+---------+-------+---------+---------+-------
